[Event "23rd OIBM 2019"]
[Site "Gmund am Tegernsee"]
[Date "2019.11.01"]
[Round "7.37"]
[White "Seifert, Volker"]
[Black "Kastek, Thomas"]
[Result "1/2-1/2"]
[ECO "E32"]
[WhiteElo "2300"]
[BlackElo "2129"]
[Annotator "RC"]
[PlyCount "115"]
[EventDate "2019.10.17"]
[EventType "swiss"]
[EventCountry "GER"]
[SourceTitle "playchess.com"]
[Source "ChessBase"]
[SourceQuality "1"]
[TimeControl "40/5400+30:1800+30"]

1. d4 Nf6 2. c4 e6 3. Nc3 Bb4 4. Qc2 O-O 5. a3 Bxc3+ 6. Qxc3 d5 7. Bg5 dxc4 8. Qxc4 b6 9. Nf3 Ba6 10. Qa4 Qd7 11. Qxd7 Nbxd7 12. e3 Bxf1 13. Rxf1 c5 14. Bxf6 gxf6 15. Ke2 Rac8 16. Rac1 Kg7 17. Rfd1 cxd4 18. Nxd4 Nc5 19. Rc2 Ne4 20. Rxc8 Rxc8 21. f3 Nc5 22. Rc1 Rc7 23. b4 Na6 24. Rd1 Nb8 25. b5 Kf8 26. Nxe6+ fxe6 27. Rd8+ Ke7 28. Rxb8 Kd6 29. Rd8+ Kc5 30. a4 e5 31. Rg8 h5 32. g4 Kb4 33. h4 Kxa4 34. g5 Kxb5 35. Re8 Rf7 36. Re6 a5 37. Rxf6 Re7 38. g6 Rg7 39. f4 a4 40. f5 a3 41. Rd6 a2 42. Rd1 Kc4 43. Rf1 e4 44. Kd2 Kb3 45. Ra1 b5 46. Rxa2 Kxa2 47. Kc3 Ka3 48. Kd4 b4 49. Ke5 b3 50. f6 Rxg6 51. f7 Ra6 52. f8=Q+ Ka2 53. Qb4 Ra3 54. Qc4 Ka1 55. Qc3+ Ka2 56. Qc4 Ka1 57. Qc1+ Ka2 58. Qc4 1/2-1/2

[Event "23rd OIBM 2019"]
[Site "Gmund am Tegernsee"]
[Date "2019.11.01"]
[Round "7.40"]
[White "Kaiser, Elmar"]
[Black "Koelle, Tobias"]
[Result "1/2-1/2"]
[ECO "C83"]
[WhiteElo "2131"]
[BlackElo "2281"]
[Annotator "RC"]
[PlyCount "202"]
[EventDate "2019.10.17"]
[EventType "swiss"]
[EventCountry "GER"]
[SourceTitle "playchess.com"]
[Source "ChessBase"]
[SourceQuality "1"]
[TimeControl "40/5400+30:1800+30"]

1. e4 e5 2. Nf3 Nc6 3. Bb5 a6 4. Ba4 Nf6 5. O-O Nxe4 6. d4 b5 7. Bb3 d5 8. dxe5 Be6 9. Nbd2 Be7 10. c3 O-O 11. Qe2 Nxd2 12. Bxd2 Na5 13. Nd4 Nxb3 14. Nc6 Qd7 15. Nxe7+ Qxe7 16. axb3 c5 17. Qh5 Qd7 18. h3 d4 19. b4 cxb4 20. cxb4 Rfc8 21. Rfc1 Rc4 22. Qf3 Bd5 23. Qg3 Qe6 24. b3 Rxc1+ 25. Rxc1 Bxb3 26. Rc5 Bc4 27. Qg4 Qxg4 28. hxg4 h6 29. f4 Be2 30. Kf2 Bxg4 31. Rd5 Rc8 32. Rxd4 Rc2 33. Ke3 Bf5 34. Rd6 Ra2 35. Rc6 Ra1 36. Rc1 Ra3+ 37. Rc3 Ra2 38. g3 Kh7 39. Rc6 Be6 40. Rc1 Kg6 41. Bc3 h5 42. Ra1 Rxa1 43. Bxa1 Kf5 44. Bc3 Kg4 45. Be1 Bd5 46. Bf2 Bb7 47. Be1 g6 48. Kf2 h4 49. gxh4 Kxf4 50. Bc3 Kg4 51. Bd4 Kxh4 52. Bb6 Kg4 53. Bc7 Bd5 54. Bd8 Kf4 55. Bc7 Be6 56. Bd6 g5 57. Bc7 g4 58. Bd6 g3+ 59. Kg2 Bd5+ 60. Kg1 Kf3 61. Bc7 Kg4 62. Kf1 Kf5 63. Kg1 Ke6 64. Kf1 Kd7 65. Bb6 Kc6 66. Ba5 Be4 67. Kg1 Bf3 68. Bd8 Kd5 69. Bc7 Ke4 70. Kf1 Kd3 71. Ba5 Kc4 72. Kg1 Kd5 73. Bc7 Ke6 74. Kf1 Bc6 75. Kg1 Ba8 76. Kf1 Kf5 77. Kg1 Kg4 78. Ba5 Kf3 79. Bb6 Kg4 80. Ba5 Kh3 81. Bb6 Be4 82. Ba5 Kg4 83. Bb6 Kf3 84. Ba5 Bf5 85. Bb6 Bh3 86. Ba5 Ke4 87. Bc7 Kd4 88. Kh1 Ke3 89. Kg1 g2 90. Bb6+ Kf3 91. Ba5 Bc8 92. Bb6 Bb7 93. Bc7 Kg4 94. Kf2 Kf5 95. Kg1 a5 96. Bxa5 Kxe5 97. Bb6 f5 98. Ba7 Kf4 99. Bb6 Kg3 100. Ba7 f4 101. Bb6 f3 1/2-1/2

[Event "23rd OIBM 2019"]
[Site "Gmund am Tegernsee"]
[Date "2019.11.02"]
[Round "8.10"]
[White "Marin, Mihail"]
[Black "Weber, Ulrich"]
[Result "0-1"]
[ECO "B20"]
[WhiteElo "2524"]
[BlackElo "2360"]
[Annotator "RC"]
[PlyCount "98"]
[EventDate "2019.10.17"]
[EventType "swiss"]
[EventCountry "GER"]
[SourceTitle "playchess.com"]
[Source "ChessBase"]
[SourceQuality "1"]
[TimeControl "40/5400+30:1800+30"]

1. e4 c5 2. d3 Nc6 3. g3 g6 4. Bg2 Bg7 5. f4 e6 6. Nf3 Nge7 7. O-O O-O 8. c3 b6 9. Be3 Ba6 10. Re1 Rc8 11. Na3 d6 12. d4 cxd4 13. Nxd4 Nxd4 14. Bxd4 e5 15. Bf2 Qd7 16. fxe5 Bxe5 17. Nc2 Bc4 18. Qd2 Rfe8 19. b3 Be6 20. Nd4 Qb7 21. c4 Nc6 22. Rad1 Bg4 23. Nxc6 Qxc6 24. Rc1 Qd7 25. Be3 Rc6 26. Qf2 Rec8 27. Bf1 h5 28. Rc2 R6c7 29. Rec1 Kg7 30. a4 Qe7 31. Ra2 Be6 32. Rb1 f5 33. exf5 Bxf5 34. Re1 Rf8 35. Qd2 Kh7 36. Bg2 Qg7 37. Rf1 Re8 38. Kh1 Bc3 39. Qf2 Rce7 40. Bg5 Re1 41. Bd2 R1e2 42. Qf4 R8e4 43. Bxc3 Rxf4 44. gxf4 Rxg2 45. Bxg7 Rxa2 46. Ra1 Be4+ 47. Kg1 Rg2+ 48. Kf1 Kxg7 49. Re1 Bc6 0-1

[Event "23rd OIBM 2019"]
[Site "Gmund am Tegernsee"]
[Date "2019.11.02"]
[Round "8.20"]
[White "Rasch, Holger"]
[Black "Braeuer, Franz"]
[Result "1/2-1/2"]
[ECO "C48"]
[WhiteElo "2236"]
[BlackElo "2429"]
[Annotator "RC"]
[PlyCount "74"]
[EventDate "2019.10.17"]
[EventType "swiss"]
[EventCountry "GER"]
[SourceTitle "playchess.com"]
[Source "ChessBase"]
[SourceQuality "1"]
[TimeControl "40/5400+30:1800+30"]

1. e4 e5 2. Nf3 Nc6 3. Nc3 Nf6 4. Bb5 Bd6 5. a3 O-O 6. d3 a6 7. Bc4 Be7 8. h3 d6 9. Be3 b5 10. Ba2 Be6 11. Nd5 Qd7 12. Ng5 Bxd5 13. exd5 Nd4 14. Bxd4 exd4 15. Nf3 Nh5 16. Nxd4 Bf6 17. Qxh5 Bxd4 18. c3 Rfe8+ 19. Kf1 Bf6 20. d4 a5 21. Rd1 b4 22. axb4 axb4 23. Bb1 g6 24. Qf3 Bg7 25. g3 bxc3 26. bxc3 Qb5+ 27. Kg2 Qc4 28. Rhe1 Rab8 29. Rxe8+ Rxe8 30. Be4 f5 31. Qd3 Qxd3 32. Bxd3 Ra8 33. Rc1 Ra3 34. Bc4 Bh6 35. f4 g5 36. fxg5 Bxg5 37. Rc2 f4 1/2-1/2

[Event "23rd OIBM 2019"]
[Site "Gmund am Tegernsee"]
[Date "2019.11.02"]
[Round "8.29"]
[White "Morawietz, Dieter"]
[Black "Cordts, Ingo"]
[Result "1-0"]
[ECO "D31"]
[WhiteElo "2419"]
[BlackElo "2212"]
[Annotator "RC"]
[PlyCount "65"]
[EventDate "2019.10.17"]
[EventType "swiss"]
[EventCountry "GER"]
[SourceTitle "playchess.com"]
[Source "ChessBase"]
[SourceQuality "1"]
[TimeControl "40/5400+30:1800+30"]

1. d4 d5 2. c4 e6 3. Nc3 Bb4 4. a3 Bxc3+ 5. bxc3 dxc4 6. e3 b5 7. a4 c6 8. axb5 cxb5 9. Qf3 Qd5 10. Qg3 g6 11. Be2 Nc6 12. Bf3 Qd7 13. Ba3 Bb7 14. Nh3 Nge7 15. Ng5 Nf5 16. Qf4 O-O-O 17. Ne4 e5 18. dxe5 g5 19. Qxg5 Nxe5 20. Nd6+ Nxd6 21. Qxe5 Bxf3 22. gxf3 Nf5 23. O-O Rhg8+ 24. Kh1 Rg5 25. Qf4 Rdg8 26. Rfd1 Qc6 27. e4 Qg6 28. exf5 Rxf5 29. Qg4 Qxg4 30. fxg4 Rxg4 31. Bd6 Rxf2 32. Rxa7 h5 33. Be5 1-0

[Event "23rd OIBM 2019"]
[Site "Gmund am Tegernsee"]
[Date "2019.11.02"]
[Round "8.40"]
[White "Schmidt, Gerhard"]
[Black "Ludvik, Tomas"]
[Result "0-1"]
[ECO "D52"]
[WhiteElo "2118"]
[BlackElo "2305"]
[Annotator "RC"]
[PlyCount "86"]
[EventDate "2019.10.17"]
[EventType "swiss"]
[EventCountry "GER"]
[SourceTitle "playchess.com"]
[Source "ChessBase"]
[SourceQuality "1"]
[TimeControl "40/5400+30:1800+30"]

1. Nf3 d5 2. d4 Nf6 3. c4 c6 4. Nc3 e6 5. Bg5 Nbd7 6. e3 Qa5 7. Nd2 Bb4 8. Qc2 O-O 9. Be2 c5 10. dxc5 dxc4 11. Nxc4 Qxc5 12. Bxf6 Nxf6 13. O-O b5 14. Bf3 Rb8 15. Nd2 Bb7 16. Bxb7 Rxb7 17. Nde4 Qc4 18. Nxf6+ gxf6 19. Rfd1 Bxc3 20. bxc3 Rc8 21. g3 b4 22. Rd4 Qxc3 23. Qd1 Rb5 24. Qf1 Rf5 25. Rad1 a5 26. Qh3 Qb2 27. R4d2 Qc3 28. e4 Rfc5 29. Qh6 Re8 30. Rd8 Rc8 31. R8d4 Qf3 32. R4d3 Qxe4 33. Qxf6 Qg6 34. Qf3 Rc4 35. Rd7 Rf8 36. R7d4 Rfc8 37. Rxc4 Rxc4 38. Rd8+ Kg7 39. Ra8 Rc5 40. Qe3 Rd5 41. Qf4 Qh5 42. Kg2 Qf5 43. Qh4 Rd2 0-1

[Event "23rd OIBM 2019"]
[Site "Gmund am Tegernsee"]
[Date "2019.11.02"]
[Round "8.42"]
[White "Schuster, Karsten"]
[Black "Minko, Dmitry"]
[Result "1-0"]
[ECO "D31"]
[WhiteElo "2304"]
[BlackElo "2143"]
[Annotator "RC"]
[PlyCount "81"]
[EventDate "2019.10.17"]
[EventType "swiss"]
[EventCountry "GER"]
[SourceTitle "playchess.com"]
[Source "ChessBase"]
[SourceQuality "1"]
[TimeControl "40/5400+30:1800+30"]

1. d4 d5 2. c4 e6 3. Nc3 Be7 4. cxd5 exd5 5. Bf4 c6 6. e3 Bd6 7. Bxd6 Qxd6 8. Bd3 Ne7 9. Qc2 g6 10. Nf3 Bf5 11. O-O Bxd3 12. Qxd3 Nd7 13. b4 a6 14. a4 O-O 15. a5 Rae8 16. Na4 Qxb4 17. Rfb1 Qxa5 18. Nb6 Qxb6 19. Rxb6 Nxb6 20. Rb1 Nec8 21. Qc3 Nc4 22. Rxb7 N8d6 23. Rb1 Rb8 24. Rf1 Ne4 25. Qa1 Rb6 26. Rb1 Rfb8 27. Rxb6 Rxb6 28. g4 a5 29. Ne5 Ned2 30. Nxc4 Nxc4 31. Qa4 Rb5 32. e4 Rb6 33. Kg2 Ra6 34. h4 Nd6 35. e5 Nb5 36. f4 Nc3 37. Qa3 Nb5 38. Qe7 Nxd4 39. Qb7 c5 40. Qxa6 c4 41. Qa8+ 1-0

[Event "23rd OIBM 2019"]
[Site "Gmund am Tegernsee"]
[Date "2019.11.02"]
[Round "8.43"]
[White "Proschmann, Tino"]
[Black "Seifert, Volker"]
[Result "0-1"]
[ECO "C05"]
[WhiteElo "2106"]
[BlackElo "2300"]
[Annotator "RC"]
[PlyCount "88"]
[EventDate "2019.10.17"]
[EventType "swiss"]
[EventCountry "GER"]
[SourceTitle "playchess.com"]
[Source "ChessBase"]
[SourceQuality "1"]
[TimeControl "40/5400+30:1800+30"]

1. e4 e6 2. d4 d5 3. Nd2 Nf6 4. e5 Nfd7 5. Bd3 c5 6. c3 Nc6 7. Ne2 Be7 8. O-O cxd4 9. cxd4 a5 10. f4 Nb6 11. Nf3 h5 12. Nc3 Bd7 13. Be3 a4 14. a3 g6 15. Rc1 Na5 16. Nd2 Rc8 17. g4 hxg4 18. Qxg4 Nac4 19. Nxc4 Nxc4 20. Qe2 Rh3 21. Nd1 Nxe3 22. Nxe3 Rxc1 23. Rxc1 Qb6 24. Kg2 Rh4 25. Kh1 Rxf4 26. Ng2 Rxd4 27. Rf1 Qb3 28. Bc2 Bb5 29. Qf2 Qxb2 30. Qxf7+ Kd8 31. Bxg6 Rg4 32. Rg1 Qxe5 33. Re1 Qf6 34. Qg8+ Kc7 35. Qxe6 Qxe6 36. Rxe6 Bxa3 37. h4 Bb2 38. Bf5 Rg8 39. Bb1 Bc6 40. Kh2 a3 41. Ne3 d4 42. Nf5 d3 43. Re7+ Kb8 44. Ne3 d2 0-1

[Event "23rd OIBM 2019"]
[Site "Gmund am Tegernsee"]
[Date "2019.11.03"]
[Round "9.21"]
[White "Kueppers, Timo"]
[Black "Zysk, Robert"]
[Result "1/2-1/2"]
[ECO "C08"]
[WhiteElo "2250"]
[BlackElo "2412"]
[Annotator "RC"]
[PlyCount "123"]
[EventDate "2019.10.17"]
[EventType "swiss"]
[EventCountry "GER"]
[SourceTitle "playchess.com"]
[Source "ChessBase"]
[SourceQuality "1"]
[TimeControl "40/5400+30:1800+30"]

1. e4 e6 2. d4 d5 3. Nd2 c5 4. exd5 exd5 5. Ngf3 Nf6 6. Bb5+ Bd7 7. Bxd7+ Nbxd7 8. O-O Be7 9. dxc5 Nxc5 10. Nb3 Nce4 11. Nfd4 Qd7 12. f3 Nd6 13. Nc5 Qc8 14. Nd3 O-O 15. Re1 Bd8 16. Bg5 Nf5 17. Nxf5 Qxf5 18. Re5 Qd7 19. Kh1 h6 20. Bh4 Rc8 21. c3 Ng4 22. fxg4 Bxh4 23. Qf3 Rfd8 24. Rf1 Bf6 25. Rf5 d4 26. Nc5 Qc6 27. Ne4 Re8 28. Nxf6+ gxf6 29. Qh3 dxc3 30. bxc3 Kg7 31. Qh4 Re6 32. Qf2 Rce8 33. h4 Re2 34. Qg3 R8e3 35. R1f3 Qxc3 36. g5 Qe1+ 37. Qxe1 Rxe1+ 38. Kh2 hxg5 39. hxg5 Rxf3 40. gxf6+ Kg6 41. Rxf3 Re6 42. Rb3 b6 43. Ra3 a5 44. Rb3 Kxf6 45. Rb5 Ke7 46. Kh3 f6 47. g4 Kf7 48. Kg3 Kg6 49. Kf3 Rc6 50. Kg3 Rc2 51. Rxb6 Rxa2 52. Rb5 Ra1 53. Kg2 a4 54. Ra5 a3 55. Kh2 Kf7 56. Ra6 Ke7 57. Kg2 a2 58. Kh2 Kd7 59. Kg2 Kc7 60. g5 fxg5 61. Ra7+ Kb6 62. Ra8 1/2-1/2

[Event "23rd OIBM 2019"]
[Site "Gmund am Tegernsee"]
[Date "2019.11.03"]
[Round "9.23"]
[White "Ciolek, Andreas"]
[Black "Piscopo, Pierluigi"]
[Result "1/2-1/2"]
[ECO "B30"]
[WhiteElo "2238"]
[BlackElo "2398"]
[Annotator "RC"]
[PlyCount "73"]
[EventDate "2019.10.17"]
[EventType "swiss"]
[EventCountry "GER"]
[SourceTitle "playchess.com"]
[Source "ChessBase"]
[SourceQuality "1"]
[TimeControl "40/5400+30:1800+30"]

1. e4 c5 2. Nf3 Nc6 3. g3 Nf6 4. d3 g6 5. Bg2 Bg7 6. O-O d5 7. Nbd2 O-O 8. Re1 Bg4 9. h3 Bxf3 10. Qxf3 e6 11. Nb3 Rc8 12. c4 dxe4 13. dxe4 Qb6 14. Bg5 Nd7 15. Rad1 h6 16. Bc1 Rfd8 17. Qe2 a5 18. f4 a4 19. Na1 Nd4 20. Qf1 Qa6 21. e5 Nb6 22. b3 axb3 23. Nxb3 Qxa2 24. Nxd4 cxd4 25. Bxb7 Rxc4 26. Be3 Qa7 27. Be4 Ra4 28. g4 Nd5 29. Bc1 Nc3 30. Rd3 Nxe4 31. Rxe4 Ra1 32. Re1 Qc5 33. Red1 Qc2 34. Be3 Rxd1 35. Qxd1 Qxd1+ 36. Rxd1 Bf8 37. Rxd4 1/2-1/2

[Event "23rd OIBM 2019"]
[Site "Gmund am Tegernsee"]
[Date "2019.11.03"]
[Round "9.24"]
[White "Padmini, Rout"]
[Black "Koellner, Ruben Gideon"]
[Result "1-0"]
[ECO "A05"]
[WhiteElo "2394"]
[BlackElo "2265"]
[Annotator "RC"]
[PlyCount "97"]
[EventDate "2019.10.17"]
[EventType "swiss"]
[EventCountry "GER"]
[SourceTitle "playchess.com"]
[Source "ChessBase"]
[SourceQuality "1"]
[TimeControl "40/5400+30:1800+30"]

1. Nf3 Nf6 2. g3 d5 3. Bg2 e6 4. O-O Nbd7 5. d4 b5 6. Nbd2 Bb7 7. Nb3 c5 8. c3 Be7 9. Bg5 Rc8 10. dxc5 Nxc5 11. Nxc5 Bxc5 12. Qb3 a6 13. a4 Qb6 14. Bxf6 gxf6 15. axb5 Qxb5 16. Qxb5+ axb5 17. Ra5 Bc6 18. Nd4 Bxd4 19. cxd4 Kd7 20. Rfa1 Ra8 21. Ra7+ Kd6 22. Bf1 Rhb8 23. b4 Rxa7 24. Rxa7 Bd7 25. e3 Kc6 26. Kg2 Rd8 27. Bd3 Kb6 28. Ra2 f5 29. Kh3 Rc8 30. Kh4 Rc3 31. Rd2 Rb3 32. Kg5 Rxb4 33. Kh6 Ra4 34. Kxh7 f6 35. Kg7 e5 36. Kxf6 exd4 37. exd4 Rxd4 38. Ke5 Kc5 39. h4 Be8 40. Rc2+ Rc4 41. Bxf5 b4 42. g4 b3 43. Rd2 Rc1 44. Rxd5+ Kb4 45. h5 b2 46. h6 Bc6 47. h7 Re1+ 48. Kd6 Bxd5 49. h8=Q 1-0

[Event "23rd OIBM 2019"]
[Site "Gmund am Tegernsee"]
[Date "2019.11.03"]
[Round "9.32"]
[White "Badelka, Olga"]
[Black "Richter, Nils"]
[Result "1-0"]
[ECO "E90"]
[WhiteElo "2413"]
[BlackElo "2213"]
[Annotator "RC"]
[PlyCount "103"]
[EventDate "2019.10.17"]
[EventType "swiss"]
[EventCountry "GER"]
[SourceTitle "playchess.com"]
[Source "ChessBase"]
[SourceQuality "1"]
[TimeControl "40/5400+30:1800+30"]

1. d4 Nf6 2. c4 g6 3. Nc3 Bg7 4. e4 d6 5. Nf3 O-O 6. h3 e5 7. d5 Nh5 8. g3 Na6 9. Bg2 f5 10. exf5 gxf5 11. Ng5 Nf6 12. O-O h6 13. Nf3 c5 14. dxc6 bxc6 15. Nh4 Qc7 16. Qa4 e4 17. Be3 Nd7 18. Ng6 Re8 19. Rad1 Kh7 20. Nf4 Nb6 21. Qc2 Nxc4 22. Nxe4 d5 23. Nc5 Nxe3 24. fxe3 Qe5 25. Nxa6 Bxa6 26. Rfe1 Rac8 27. b3 Kg8 28. h4 Bb7 29. Bh3 Rf8 30. Kh2 Rf7 31. Qc5 Re8 32. Rc1 a5 33. Bg2 Ra8 34. Nd3 Qf6 35. a4 Ba6 36. Qxa5 Raa7 37. Qd2 Bxd3 38. Qxd3 Qd6 39. e4 fxe4 40. Rxe4 Be5 41. Rxe5 Qxe5 42. Rxc6 Rad7 43. a5 d4 44. a6 Qf5 45. Qxf5 Rxf5 46. Bh3 Rf2+ 47. Kg1 Rdf7 48. Be6 Rf1+ 49. Kg2 R1f2+ 50. Kh3 d3 51. a7 Ra2 52. Rc7 1-0

[Event "23rd OIBM 2019"]
[Site "Gmund am Tegernsee"]
[Date "2019.11.03"]
[Round "9.33"]
[White "Wiechert, Hans"]
[Black "Gschnitzer, Adrian"]
[Result "1/2-1/2"]
[ECO "A05"]
[WhiteElo "2187"]
[BlackElo "2412"]
[Annotator "RC"]
[PlyCount "52"]
[EventDate "2019.10.17"]
[EventType "swiss"]
[EventCountry "GER"]
[SourceTitle "playchess.com"]
[Source "ChessBase"]
[SourceQuality "1"]
[TimeControl "40/5400+30:1800+30"]

1. Nf3 Nf6 2. c4 c5 3. g3 d5 4. cxd5 Nxd5 5. Bg2 Nc6 6. d4 cxd4 7. Nxd4 Ndb4 8. Nxc6 Qxd1+ 9. Kxd1 Nxc6 10. Bxc6+ bxc6 11. Nc3 e5 12. Be3 Be7 13. Kd2 Rb8 14. b3 Bf5 15. Na4 O-O 16. Nc5 Rb5 17. Rhc1 Bh3 18. Rc4 f5 19. Rac1 f4 20. gxf4 exf4 21. Bd4 Rd8 22. e3 fxe3+ 23. fxe3 Rf8 24. Nd3 Rg5 25. Nf4 Bd7 26. Bc5 Kf7 1/2-1/2

[Event "23rd OIBM 2019"]
[Site "Gmund am Tegernsee"]
[Date "2019.11.03"]
[Round "9.34"]
[White "Soham Das"]
[Black "Ryzhkov, Vadim"]
[Result "1-0"]
[ECO "C00"]
[WhiteElo "2376"]
[BlackElo "2187"]
[Annotator "RC"]
[PlyCount "115"]
[EventDate "2019.10.17"]
[EventType "swiss"]
[EventCountry "GER"]
[SourceTitle "playchess.com"]
[Source "ChessBase"]
[SourceQuality "1"]
[TimeControl "40/5400+30:1800+30"]

1. e4 e6 2. d3 d5 3. Qe2 Be7 4. Nf3 b6 5. g3 Bb7 6. Bg2 Nf6 7. e5 Nfd7 8. h4 h6 9. O-O c5 10. c4 d4 11. Re1 Qc7 12. Nbd2 Nc6 13. Nf1 Bf8 14. Bf4 Ne7 15. N1h2 Qc6 16. h5 g6 17. Ng4 O-O-O 18. Nf6 g5 19. Ne4 Nf5 20. Bd2 Kb8 21. b4 g4 22. Nh2 cxb4 23. Nxg4 Be7 24. Reb1 a5 25. Kh2 Kc7 26. Bh1 Qa4 27. a3 bxa3 28. Bc1 Bb4 29. Bxa3 Bxa3 30. Qa2 Rhg8 31. Bf3 Rb8 32. Rb5 Bc6 33. Bd1 Qxd1 34. Rxd1 Bxb5 35. cxb5 Bc5 36. Ngf6 Nxf6 37. Nxf6 Rgc8 38. Rc1 Kd8 39. g4 Ne7 40. Qd2 Bb4 41. Qxh6 Rxc1 42. Qxc1 Rc8 43. Qf4 Bc5 44. Ne4 a4 45. Qxf7 a3 46. Qxe6 Ra8 47. Qf7 Kd7 48. Nf6+ Kc8 49. Qe8+ Kb7 50. Qd7+ Kb8 51. h6 Ra7 52. Qd8+ Nc8 53. Nd7+ Kb7 54. Nxc5+ bxc5 55. h7 a2 56. h8=Q a1=Q 57. Qd7+ Kb6 58. Qhd8+ 1-0

[Event "23rd OIBM 2019"]
[Site "Gmund am Tegernsee"]
[Date "2019.11.03"]
[Round "9.41"]
[White "De Ruijter, Luuk"]
[Black "Seemann, Jakub"]
[Result "1-0"]
[ECO "A49"]
[WhiteElo "2214"]
[BlackElo "1967"]
[Annotator "ChessBase"]
[PlyCount "71"]
[EventDate "2019.10.17"]
[EventType "swiss"]
[EventCountry "GER"]
[SourceTitle "playchess.com"]
[Source "ChessBase"]
[SourceQuality "1"]
[TimeControl "40/5400+30:1800+30"]

1. d4 Nf6 2. Nf3 g6 3. g3 Bg7 4. Bg2 O-O 5. O-O d6 6. b3 Nbd7 7. Bb2 Ne4 8. Nbd2 Nxd2 9. Qxd2 Nf6 10. c4 Ne4 11. Qe3 f5 12. Nd2 Nf6 13. Qd3 e6 14. Rad1 d5 15. Qc2 Qe7 16. Nf3 c6 17. Ne5 Nd7 18. f4 Nf6 19. Qc1 Re8 20. e3 Ne4 21. Bxe4 fxe4 22. Ba3 Qd8 23. Qc2 Bd7 24. Bd6 Bf6 25. Qe2 b5 26. Rc1 Bc8 27. c5 Bb7 28. h4 Be7 29. h5 Bxd6 30. cxd6 Qxd6 31. hxg6 Re7 32. Kg2 hxg6 33. Rh1 Rg7 34. Rh6 Kf8 35. Qg4 Ke7 36. Qg5+ 1-0

[Event "23rd OIBM 2019"]
[Site "Gmund am Tegernsee"]
[Date "2019.11.03"]
[Round "9.43"]
[White "Dobrikov, Marco"]
[Black "Juergens, Klaus"]
[Result "1-0"]
[ECO "B61"]
[WhiteElo "2291"]
[BlackElo "2121"]
[Annotator "ChessBase"]
[PlyCount "101"]
[EventDate "2019.10.17"]
[EventType "swiss"]
[EventCountry "GER"]
[SourceTitle "playchess.com"]
[Source "ChessBase"]
[SourceQuality "1"]
[TimeControl "40/5400+30:1800+30"]

1. e4 c5 2. Nf3 Nc6 3. d4 cxd4 4. Nxd4 Nf6 5. Nc3 d6 6. Bg5 Bd7 7. Qd2 Rc8 8. O-O-O Nxd4 9. Qxd4 Qa5 10. f4 Rxc3 11. bxc3 e5 12. Qb4 Qxb4 13. cxb4 Nxe4 14. Bh4 g5 15. fxg5 Be7 16. Bc4 h6 17. Rhf1 O-O 18. Rde1 hxg5 19. Rxe4 gxh4 20. Bd5 Kg7 21. Rf3 Bg5+ 22. Kb2 f5 23. Rc4 e4 24. Rc7 exf3 25. Rxd7+ Kf6 26. Bxf3 Bf4 27. h3 Rf7 28. Rxf7+ Kxf7 29. Bxb7 Ke6 30. c4 Kd7 31. Bd5 Be3 32. Kc3 Bf2 33. Kb3 Be1 34. Ka4 Kc7 35. Kb5 Bd2 36. g3 hxg3 37. h4 Be3 38. h5 Bd2 39. c5 a5 40. c6 axb4 41. Kc4 Kb6 42. Kd3 Bf4 43. Ke2 Bg5 44. Kf3 Kc7 45. Kxg3 Kb6 46. Kf3 b3 47. axb3 Bh6 48. Ke2 Bf4 49. Kd3 Kc7 50. Kc4 Kb6 51. Bf3 1-0

[Event "23rd OIBM 2019"]
[Site "Gmund am Tegernsee"]
[Date "2019.11.03"]
[Round "9.44"]
[White "Szabo, Marton Mihaly"]
[Black "Karpa, Adrian"]
[Result "1-0"]
[ECO "B20"]
[WhiteElo "2282"]
[BlackElo "2087"]
[Annotator "ChessBase"]
[PlyCount "59"]
[EventDate "2019.10.17"]
[EventType "swiss"]
[EventCountry "GER"]
[SourceTitle "playchess.com"]
[Source "ChessBase"]
[SourceQuality "1"]
[TimeControl "40/5400+30:1800+30"]

1. e4 c5 2. Be2 e6 3. f4 d5 4. d3 Nf6 5. e5 Nfd7 6. Nf3 Nc6 7. O-O b5 8. a4 bxa4 9. Rxa4 Nb6 10. Ra1 a5 11. Kh1 Be7 12. d4 O-O 13. Be3 Ba6 14. dxc5 Nd7 15. Bxa6 Rxa6 16. Qe2 Qa8 17. Qf2 Rb8 18. Nc3 a4 19. f5 Qa7 20. Qg3 Kh8 21. f6 Nxf6 22. exf6 Bxf6 23. Bg5 Rxb2 24. Bxf6 gxf6 25. Qf4 Rxc2 26. Qxf6+ Kg8 27. Ng5 Qe7 28. Qh6 f5 29. Nxd5 exd5 30. Rxf5 1-0